Map: Pillars of Gold LE

Players

MaSa

  • Race: Terran Terran
  • League: Master
  • Spawn Location: 7:00

Neeb - Winner!

  • Race: Protoss Protoss
  • Spawn Location: 1:00

Event: DreamHack SC2 Masters 2020 Winter

VOD

Have the link to the VOD?

Description

Time

  • Played on: Oct. 31, 2020, 4:45 p.m.
  • Length: 6:27

All games in this series

Show
View Real Time Build Order
Export as new Build Order

MaSa Terran 

Build Orders:  

Get SALT Encoding   

  12  0:00  SCV  
  13  0:12  SCV  
  14  0:17  Supply Depot  
  14  0:24  SCV  
  15  0:39  SCV  
  15  0:41  Barracks  
  16  0:44  Refinery  
  16  0:51  SCV  
  17  1:03  SCV  
  18  1:15  SCV  
  19  1:27  Marine  
  19  1:28  Orbital Command  
  20  1:46  Command Center  
  20  1:47  Barracks Reactor  
  20  1:55  SCV  
  20  1:58  Supply Depot  
  21  2:07  Factory  
  21  2:09  SCV  
  21  2:13  Refinery  
  22  2:21  SCV  
  22  2:22  Marine  
  23  2:23  Marine  
  25  2:33  SCV  
  26  2:40  Marine  
  26  2:41  Marine  
  28  2:45  SCV  
  28  2:51  Starport  
  29  2:57  SCV  
  29  2:58  Marine  
  30  2:59  Widow Mine, Marine  
  34  3:09  SCV  
  35  3:14  Orbital Command  
  34  3:22  SCV  
  34  3:23  Factory Tech Lab  
  35  3:35  SCV  
  35  3:36  Marine x2  
  38  3:42  Fusion Core, SCV  
  38  3:44  Starport Tech Lab  
  39  3:51  SCV  
  39  3:54  Supply Depot  
  41  3:55  SCV  
  41  3:59  Marine x2  
  43  4:03  SCV  
  43  4:04  Supply Depot  
  43  4:11  SCV  
  47  4:25  SCV x2  
  47  4:30  Battlecruiser  
  52  4:32  Marine x2  
  52  4:37  Supply Depot, SCV  
  52  4:38  SCV  
  56  4:41  Refinery  
  56  4:49  SCV, Marine  
  56  4:50  Marine  
  56  4:51  Siege Tank  
  62  4:56  Supply Depot  
  62  4:58  SCV  
  63  5:01  Supply Depot  
  60  5:09  SCV  
  60  5:10  Marine x2  
  61  5:19  Command Center  
  61  5:25  Siege Tank  
  61  5:26  SCV  
  65  5:31  SCV  
  66  5:37  Supply Depot  
  66  5:52  SCV  
  66  5:53  SCV  
  66  5:54  Refinery  
  67  6:04  SCV  
Show
View Real Time Build Order
Export as new Build Order

Neeb Protoss - Winner!

Build Orders: 1 Gate Expand, Oracle Opening 

Get SALT Encoding   

  12  0:00  Probe  
  13  0:12  Probe  
  14  0:21  Pylon  
  14  0:24  Probe  
  15  0:39  Probe (Chrono Boost)  
  15  0:40  Gateway  
  16  0:48  Assimilator, Probe (Chrono Boost)  
  17  0:53  Probe  
  18  1:05  Probe  
  19  1:17  Probe  
  20  1:26  Cybernetics Core  
  20  1:36  Nexus  
  20  1:42  Pylon  
  20  1:46  Probe (Chrono Boost)  
  21  1:50  Assimilator  
  21  1:58  Probe (Chrono Boost)  
  22  2:03  Adept  
  22  2:04  Probe (Chrono Boost)  
  25  2:12  Probe (Chrono Boost)  
  26  2:22  Probe (Chrono Boost)  
  27  2:27  Stargate, Probe (Chrono Boost)  
  28  2:38  Warp Gate  
  28  2:39  Probe (Chrono Boost)  
  29  2:49  Probe (Chrono Boost)  
  31  2:52  Adept  
  31  2:57  Probe (Chrono Boost)  
  34  2:58  Probe (Chrono Boost)  
  34  3:01  Shield Battery  
  34  3:03  Probe (Chrono Boost)  
  34  3:04  Probe  
  34  3:05  Shield Battery  
  35  3:12  Oracle (Chrono Boost)  
  36  3:16  Probe  
  40  3:21  Pylon  
  40  3:22  Probe  
  41  3:28  Probe  
  42  3:34  Probe  
  42  3:40  Probe  
  44  3:42  Oracle (Chrono Boost)  
  44  3:47  Probe  
  46  3:52  Gateway  
  46  3:53  Probe  
  46  3:54  Gateway  
  47  3:59  Probe  
  47  4:02  Pylon  
  48  4:09  Probe  
  49  4:13  Nexus  
  49  4:14  Probe  
  50  4:19  Assimilator  
  50  4:22  Probe  
  50  4:23  Assimilator, Void Ray (Chrono Boost)  
  56  4:34  Probe  
  56  4:36  Pylon  
  56  4:38  Adept  
  59  4:40  Pylon  
  58  4:48  Probe  
  58  4:51  Adept  
  61  4:54  Adept  
  61  4:55  Pylon  
  61  4:57  Probe, Void Ray (Chrono Boost)  
  64  5:05  Probe  
  69  5:09  Probe  
  70  5:17  Probe  
  70  5:19  Stalker x2, Sentry  
  77  5:24  Forge  
  77  5:25  Twilight Council  
  77  5:27  Probe  
  78  5:30  Probe, Void Ray  
  79  5:39  Shield Battery  
  83  5:46  Probe x2  
  83  5:47  Probe  
  86  5:50  Shield Battery  
  85  5:58  Probe x2  
  85  5:59  Probe  
  85  6:03  Stalker x2  
  90  6:06  Stalker  
Tags
 
Add a new tag
Caveats
  • Supply blocks, unpowered buildings, or Contaminate may cause inaccurate times.
  • Supply counts are checked every 10 seconds.